 Dungeon Crawl Stone Soup version 0.29-a0-813-g4a14ea37d6 (webtiles) character file.

Game seed: 13010295468430150471

15197 croobank the Covert (level 12, -2/78 HPs)
             Began as an Octopode Fire Elementalist on July 4, 2022.
             Was an Elder of Sif Muna.
             Slain by an elephant (14 damage)
             ... on level 2 of the Lair of Beasts.
             The game lasted 00:49:28 (15815 turns).

croobank the Covert (Octopode Fire Elementalist)   Turns: 15815, Time: 00:49:29

Health: -2/78      AC:  3    Str:  8    XL:     12   Next: 24%
Magic:  3/23       EV: 18    Int: 19    God:    Sif Muna [****..]
Gold:   756        SH:  5    Dex: 20    Spells: 6/26 levels left

rFire   . . .      SeeInvis .   m - +6 dagger (venom)
rCold   . . .      Faith    .   j - +1 buckler
rNeg    . . .      Spirit   .   f - +2 hat "Saliffet" {Will+ Dex+7}
rPois   .          Reflect  .   v - amulet of the acrobat
rElec   .          Harm     .   k - ring of wizardry
rCorr   .          Rampage  .   (no ring)
Will    +....                   (no ring)
Stlth   ++++++....              (no ring)
HPRegen 0.23/turn               (no ring)
MPRegen 0.18/turn               (no ring)
                                (no ring)
                                (no ring)

@: very slightly contaminated
A: almost no armour, amphibious, 8 rings, camouflage 1, gelatinous body 1,
(nimble swimmer 1), tentacles, dopey 1
a: Renounce Religion, Channel Magic, Forget Spell, Divine Exegesis


You were on level 2 of the Lair of Beasts.
You worshipped Sif Muna.
Sif Muna was greatly pleased with you.
You visited 3 branches of the dungeon, and saw 13 of its levels.

You collected 756 gold pieces.

Inventory:

Hand Weapons
 b - a +0 sling
 g - a +1 dagger of holy wrath
 m - a +6 dagger of venom (weapon)
 r - a +1 short sword of venom
 u - a +4 dire flail of freezing
 y - a +3 quarterstaff of chaos
 D - a +1 vampiric whip
 E - a +5 trident
 H - a +1 hand axe
 J - a +4 dagger
 N - a +1 vampiric dagger
 O - a +2 halberd
 R - a +3 scimitar
 S - a +1 vorpal war axe
Missiles
 h - 81 stones
 i - 10 boomerangs
 l - 34 poisoned darts
 s - 3 javelins
 t - a throwing net
 L - 3 atropa-tipped darts
Armour
 f - the +2 hat "Saliffet" (worn) {Will+ Dex+7}
   (You acquired it on level 1 of the Dungeon)

   Dex:       It affects your dexterity (+7).
   Will:      It increases your willpower.
 j - a +1 buckler (worn)
Magical Staves
 a - a staff of poison
Jewellery
 k - a ring of wizardry (left tentacle)
 v - an amulet of the acrobat (around mantle)
Wands
 q - a wand of iceblast (7)
 w - a wand of digging (4)
 C - a wand of mindburst (5)
 K - a wand of polymorph (3)
 M - a wand of charming (18)
Scrolls
 p - a scroll of immolation
 z - a scroll of brand weapon {unknown}
 F - 2 scrolls of silence
 G - a scroll of amnesia
 P - 3 scrolls of magic mapping
 Q - a scroll of identify
Potions
 c - 3 potions of might
 d - a potion of degeneration
 e - 2 potions of curing
 n - 5 potions of flight
 o - 3 potions of mutation
 x - 4 potions of attraction
 A - 2 potions of resistance
 B - a potion of brilliance
 I - a potion of lignification
 T - 2 potions of magic


   Skills:
 + Level 5.8 Fighting
 + Level 4.2 Short Blades
 + Level 8.1 Dodging
 + Level 11.5 Stealth
 + Level 7.5 Spellcasting
 + Level 8.0 Conjurations
 + Level 4.4 Transmutations
 + Level 8.4 Fire Magic


You had 6 spell levels left.
You knew the following spells:

 Your Spells              Type           Power      Damage    Failure   Level
a - Foxfire               Conj/Fire      100%       2x1d9     1%          1
b - Scorch                Fire           78%        2d9       1%          2
c - Flame Wave            Conj/Fire      38%        2d9       1%          4
d - Irradiate             Conj/Tmut      15%        3d18      12%         5
e - Call Canine Familiar  Summ           7%         N/A       16%         3
f - Borgnjor's Vile Clut  Necr/Erth      3%         N/A       78%         5

Your spell library contained the following spells:

 Spells                   Type           Power      Damage    Failure   Level
 Magic Dart               Conj           100%       1d8       1%          1
 Searing Ray              Conj           74%        2d7       1%          2
 Conjure Flame            Conj/Fire      38%        6-21      1%          3
 Inner Flame              Hex/Fire       23%        N/A       2%          3
 Necrotise                Necr           28%        1d5       5%          1
 Summon Small Mammal      Summ           28%        N/A       5%          1
 Sublimation of Blood     Necr           7%         N/A       9%          2
 Fulminant Prism          Conj/Hex       11%        3d9       11%         4
 Frozen Ramparts          Ice            14%        1d3       16%         3
 Portal Projectile        Hex/Tloc       14%        N/A       16%         3
 Summon Guardian Golem    Hex/Summ       7%         N/A       16%         3
 Vampiric Draining        Necr           7%         2d6       16%         3
 Ice Form                 Ice/Tmut       15%        N/A       21%         4
 Petrify                  Tmut/Erth      15%        N/A       21%         4
 Leda's Liquefaction      Hex/Erth       3%         N/A       45%         4
 Summon Ice Beast         Ice/Summ       7%         N/A       45%         4
 Alistair's Intoxication  Tmut/Pois      10%        N/A       47%         5
 Agony                    Necr           7%         N/A       78%         5
 Eringya's Noxious Bog    Tmut/Pois      7%         N/A       95%         6


Dungeon Overview and Level Annotations

Branches:
Dungeon (9/15)             Temple (1/1) D:6            Lair (3/6) D:8
 Spider (0/4) Lair:2
  Swamp: Lair:2-4    Shoals: Lair:2-4       Orc: D:9-12

Altars:
Ashenzari
Cheibriados
Dithmenos
Elyvilon
Fedhas
Gozag
Hepliaklqana
Kikubaaqudgha
Makhleb
Nemelex Xobeh
Okawaru
Qazlal
Sif Muna
Trog
Uskayaw
Vehumet
Wu Jian
Xom
Yredelemnul
Zin

Annotations:
D:4 3 runed translucent doors, gdog's ghost, weakling GnDe
Lair:2 3 runed translucent doors, zhov's ghost, journeyman DsHu


Innate Abilities, Weirdness & Mutations

You cannot wear most types of armour.
You are amphibious.
You can wear up to eight rings at the same time.
Your skin changes colour to match your surroundings (Stealth+).
Your rubbery body absorbs attacks. (AC +1, EV +1)
((You are camouflaged when in or above water. (Stealth+)))
You have tentacles for arms and can constrict up to eight enemies at once.
You are dopey. (Int -2)


Message History

Flames lash the elephant.
The elephant is burned terribly!
The elephant is almost dead.
The elephant tramples you.
You stumble backwards!
Casting: Scorch (safe; 1% risk of failure)
Confirm with . or Enter, or press ? or * to list all spells.
Flames lash the elephant.
The elephant is burned terribly!
You kill the elephant!
Sif Muna accepts your kill.
Your Conjurations skill increases to level 8!
An elephant comes into view.
There is a stone staircase leading up here.
The elephant tramples you!!
You hold your ground!
The elephant trunk-slaps you.
The elephant trumpets!
You climb upwards.
Level annotation: 3 runed translucent doors, zhov's ghost, journeyman DsHu
There is a stone staircase leading down here.
Casting: Scorch (safe; 1% risk of failure)
Confirm with . or Enter, or press ? or * to list all spells.
Flames lash the elephant.
The elephant is lightly wounded.
The elephant's fire resistance burns away.
The elephant barely misses you. You block the elephant's attack.
Casting: Scorch (safe; 1% risk of failure)
Confirm with . or Enter, or press ? or * to list all spells.
Flames lash the elephant.
The elephant is lightly wounded.
The elephant barely misses you. The elephant trunk-slaps you.
Casting: Scorch (safe; 1% risk of failure)
Confirm with . or Enter, or press ? or * to list all spells.
Flames lash the elephant.
The elephant is burned terribly!
The elephant is moderately wounded.
The elephant tramples you!!
* * * LOW HITPOINT WARNING * * *
You stumble backwards!
Casting: Scorch (safe; 1% risk of failure)
Confirm with . or Enter, or press ? or * to list all spells.
You miscast Irradiate.
You are very lightly contaminated with residual magic.
Nothing appears to happen.
The elephant tramples you!
You die...

^......#P..............P##......#
.^^^.^..................#.......#
>^...^..................#......##
..^.^^.#...#...###.#...........#
.^^.^....#.###.................##
^^^^............................#
..............................###
^......###.#...Y.............##
.#.....##..###..@.............#
#...#.#.#..# #...##...........###
...........###..#..............#.
..................#.............#
...##.......###................##
...###..###.###....#...........#
...##...###.#.........P#......##
...÷..........................#
...÷..........................#


You could see an elephant (combustible).

Vanquished Creatures
  2 hydras (Lair:2)
  An elephant (Lair:3)
  A black mamba (Lair:3)
  4 cane toads
  4 komodo dragons
  2 polar bears
  A hornet (D:9)
  24 yaks
  2 wyverns
  6 water moccasins
  An orc warrior (D:8)
  2 ice beasts
  3 sky beasts
  2 black bears
  An ogre (D:5)
  19 wolves
  3 centaurs
  A phantom (D:4)
  3 kobold brigands
  5 necrophages
  10 bullfrogs
  2 scorpions
  22 wights
  2 killer bees
  2 vampire bats (D:4)
  4 electric eels
  4 jellies
  A quasit (D:7)
  A hound (D:6)
  An orc priest (D:3)
  Crazy Yiuf (D:3)
  4 iguanas
  5 orc wizards
  Ijyb (D:3)
  6 gnolls
  11 adders
  A river rat (D:6)
  6 shadow imps
  2 white imps
  2 ufetubi
  A worm (D:2)
  5 dart slugs
  18 orcs
  5 ball pythons
  5 bats
  4 bat skeletons (D:4)
  A bat zombie (D:4)
  8 endoplasms
  6 giant cockroaches
  2 goblins
  5 hobgoblins
  10 kobolds
  3 quokkas
  2 frilled lizards
  5 rats
255 creatures vanquished.

Vanquished Creatures (collateral kills)
  A foxfire (Lair:2)
1 creature vanquished.

Vanquished Creatures (others)
  2 yaks (Lair:2)
  3 demonic plants (D:7)
  330 foxfires
  6 fungi (Lair:2)
  14 plants
  A withered plant (D:8)
356 creatures vanquished.

Grand Total: 612 creatures vanquished

Notes
Turn   | Place    | Note
-------+----------+-------------------------------------------
     0 | D:1      | croobank the Octopode Fire Elementalist began the quest for
                  | the Orb.
     0 | D:1      | Reached XP level 1. HP: 11/11 MP: 3/3
   126 | D:1      | Reached XP level 2. HP: 17/17 MP: 1/5
   173 | D:1      | Learned a level 2 spell: Scorch
   189 | D:1      | Reached skill level 3 in Stealth
   501 | D:1      | Identified a scroll of acquirement
   501 | D:1      | Acquired the +2 hat "Saliffet" {Will+ Dex+7}
   805 | D:1      | Found a faded altar of an unknown god.
  1003 | D:2      | Reached XP level 3. HP: 21/21 MP: 3/6
  2176 | D:3      | Reached XP level 4. HP: 27/27 MP: 0/7
  2303 | D:3      | Found a runed translucent door.
  2304 | D:3      | Noticed Crazy Yiuf
  2476 | D:3      | You fall into a shaft and drop 3 floors!
  2476 | D:6      | Found a staircase to the Ecumenical Temple.
  2482 | Temple   | Entered the Ecumenical Temple
  2578 | Temple   | Became a worshipper of Sif Muna the Loreminder
  2601 | D:6      | Reached skill level 4 in Stealth
  2601 | D:6      | Reached XP level 5. HP: 22/31 MP: 0/9
  2725 | D:6      | Reached XP level 6. HP: 16/36 MP: 0/10
  2957 | D:5      | Entered Level 5 of the Dungeon
  3072 | D:5      | Reached skill level 5 in Stealth
  3137 | D:4      | Found a hazy altar of Hepliaklqana.
  3632 | D:3      | Found an opulent altar of Gozag.
  3673 | D:3      | Found a burning altar of Makhleb.
  3673 | D:3      | Noticed a green death
  3679 | D:3      | Learned a level 4 spell: Flame Wave
  3878 | D:3      | Noticed Ijyb
  3883 | D:3      | Killed Ijyb
  4357 | D:3      | Killed Crazy Yiuf
  4358 | D:3      | Reached XP level 7. HP: 34/41 MP: 7/12
  4533 | D:4      | Reached * piety under Sif Muna
  4650 | D:4      | Found a runed translucent gate.
  4650 | D:4      | Found a runed translucent gate.
  4830 | D:4      | Found an ancient bone altar of Kikubaaqudgha.
  5049 | D:4      | Reached skill level 6 in Stealth
  5054 | D:4      | Reached XP level 8. HP: 15/46 MP: 6/14
  5058 | D:4      | Reached skill level 5 in Fire Magic
  5518 | D:4      | Found a runed translucent gate.
  5518 | D:4      | Noticed gdog's ghost (weakling GnDe)
  6265 | D:5      | Reached ** piety under Sif Muna
  6271 | D:5      | Reached skill level 7 in Stealth
  6445 | D:5      | Reached skill level 5 in Dodging
  7146 | D:6      | Reached XP level 9. HP: 49/51 MP: 16/16
  7152 | D:6      | Learned a level 5 spell: Irradiate
  7181 | D:6      | Reached skill level 5 in Spellcasting
  7181 | D:6      | Reached skill level 5 in Conjurations
  7299 | D:6      | Reached skill level 1 in Fighting
  7498 | D:6      | Reached skill level 8 in Stealth
  7601 | D:6      | Found a blossoming altar of Fedhas.
  7601 | D:6      | Found a white marble altar of Elyvilon.
  8019 | D:7      | Found a hide-covered altar of Uskayaw.
  8628 | D:7      | Reached *** piety under Sif Muna
  9144 | D:7      | Reached XP level 10. HP: 63/63 MP: 8/18
  9291 | D:7      | Reached skill level 9 in Stealth
  9475 | D:7      | Learned a level 3 spell: Call Canine Familiar
  9917 | D:8      | Identified the +1 cloak of Zosatuh {Int+4 Stlth+}
 10446 | D:8      | Found a staircase to the Lair.
 10553 | D:8      | Found a basalt altar of Yredelemnul.
 10971 | D:8      | Found an ornate altar of the Wu Jian Council.
 11193 | D:9      | Learned a level 5 spell: Borgnjor's Vile Clutch
 11273 | D:9      | Reached skill level 1 in Transmutations
 11350 | Lair:1   | Entered Level 1 of the Lair of Beasts
 11351 | Lair:1   | Noticed a cane toad
 11352 | Lair:1   | Reached skill level 1 in Short Blades
 11654 | D:8      | Killed a cane toad
 11832 | D:8      | Reached skill level 10 in Stealth
 11910 | Lair:1   | Found a dark tunnel.
 12029 | Lair:1   | Reached XP level 11. HP: 45/70 MP: 6/20
 12037 | Lair:1   | Gained mutation: You are dopey. (Int -2) [mutagenic glow]
 12041 | Lair:1   | HP: 3/70 [poisoned by a water moccasin]
 12043 | Lair:1   | Reached **** piety under Sif Muna
 13365 | Lair:1   | Reached skill level 5 in Fighting
 13686 | Lair:2   | Identified the +6 ring mail of a volcano {+Blink rC+ Will+}
 13707 | Lair:2   | Found a runed translucent gate.
 13707 | Lair:2   | Found a runed translucent gate.
 13707 | Lair:2   | Found a runed translucent gate.
 13716 | Lair:2   | Noticed zhov's ghost (journeyman DsHu)
 13837 | Lair:2   | Noticed an eight-headed hydra
 13846 | Lair:2   | Killed an eight-headed hydra
 14265 | Lair:2   | Found a hole to the Spider Nest.
 14536 | Lair:2   | Reached skill level 11 in Stealth
 14652 | Lair:2   | Noticed a six-headed hydra
 14671 | Lair:2   | Killed a six-headed hydra
 14673 | Lair:2   | Reached XP level 12. HP: 52/77 MP: 6/22
 15815 | Lair:2   | Slain by an elephant

Illustrated notes

Levels and vault maps discovered:
D:1:      minmay_arrival_cross, layout_rooms,
          dilly_ecumenical_altar_fadedgnrine, dreamdust_wishing_well,
          kennysheep_decorative_pillar
D:2:      layout_basic
D:3:      layout_loops_ring, mainiacjoe_overflow_surrounded_room,
          makhleb_altar_promises_db, uniq_crazy_yiuf_cottage, uniq_ijyb
D:4:      layout_loops_ring, kennysheep_vampire_church, lemuel_doored_altar,
          gammafunk_ghost_split
D:5:      minmay_general_purpose_star, layout_loops_ring
D:6:      layout_loops_ring, gammafunk_temple_overflow_statue,
          minmay_temple_entry_grid, gup_sewer_entry_bowl
D:7:      layout_loops_ring, mainiacjoe_overflow_boulevard, serial_demonic,
          serial_demonic_e, serial_demonic_c, serial_demonic_b,
          serial_demonic_e, grunt_ministairs_10, minivault_23,
          wad_rectangle_vault
D:8:      layout_loops_cross, yredelemnul_altar_generic,
          nicolae_wu_jian_immortal_techniques, lair_entry_dummy,
          kennysheep_generic_room_5
D:9:      layout_roguey, mainiacjoe_overflow_alcove_2, uniq_psyche, uniq_erica
Temple:   jpeg_temple_clearing
Lair:1:   layout_misc_corridors, nicolae_volcano_entry_lava_flow
Lair:2:   layout_gridlike, spider_nest_entry_web_field,
          gammafunk_ghost_necromancy, serial_bayou_shore_a,
          infiniplex_staircase_pool
Lair:3:   layout_chaotic_city, chequers_serial_rivers_small_3,
          chequers_serial_rivers_small_a, serial_bayou_lagoon_b

Skill      XL: |  1  2  3  4  5  6  7  8  9 10 11 12 |
---------------+-------------------------------------+-----
Stealth        | 3 4 5 6 7 8 10 11 | 11.5
Conjurations   | 2 3 4 5 6 7 8 |  8.0
Dodging        | 3 4 5 6 7 8 |  8.1
Spellcasting   | 3 4 5 6 7 |  7.5
Fire Magic     | 4 5 6 7 8 |  8.4
Fighting       | 3 4 5 |  5.8
Transmutations | 2 4 |  4.4
Short Blades   | 2 3 4 |  4.2

Action                   |  1- 3 |  4- 6 |  7- 9 | 10-12 || total
-------------------------+-------+-------+-------+-------++-------
Melee: Unarmed           |     3 |       |       |       ||     3
       Constrict         |     3 |     5 |    16 |    14 ||    38
       Dagger            |    11 |    15 |    85 |   106 ||   217
       Tentacles         |     2 |     2 |    17 |    25 ||    46
       Punch             |     1 |       |     2 |     2 ||     5
       Short sword       |     1 |     3 |       |       ||     4
 Cast: Foxfire           |    53 |    34 |    62 |    59 ||   208
       Scorch            |     5 |    20 |    80 |   124 ||   229
       Irradiate         |       |       |     1 |    14 ||    15
Evoke: Wand              |       |       |       |     7 ||     7
  Use: Scroll            |     9 |    12 |     3 |     8 ||    32
       Potion            |       |       |     2 |     6 ||     8
 Stab: Sleeping          |       |     1 |    20 |     5 ||    26
Armor: Skin              |       |       |     6 |    13 ||    19
Dodge: Dodged            |     8 |    10 |    88 |   169 ||   275
Block: Buckler           |     2 |     4 |    26 |    43 ||    75

Table legend: (Time is in decaauts)
 A = Elapsed time spent in this place.
 B = Non-inter-level travel time spent in this place.
 C = Inter-level travel time spent in this place.
 D = Time resting spent in this place.
 E = Time spent auto-exploring this place.
 F = Levels seen in this place.
 G = Mean time per level.
                   A        B        C        D        E       F      G
               +--------+--------+--------+--------+--------+-----+--------+
         Total |  15781 |  15330 |    451 |   5274 |   7563 |  13 | 1213.9 |
       Dungeon |  11777 |  11400 |    377 |   3445 |   6133 |   9 | 1308.6 |
        Temple |    106 |     76 |     30 |      0 |     64 |   1 |  106.0 |
          Lair |   3897 |   3853 |     44 |   1828 |   1366 |   3 | 1299.0 |
               +--------+--------+--------+--------+--------+-----+--------+

Top non-repeatable levels by time:
     D:8: 2108 daAuts
     D:6: 1883 daAuts
  Lair:1: 1797 daAuts
     D:3: 1651 daAuts
  Lair:2: 1373 daAuts
     D:4: 1323 daAuts
     D:5: 1252 daAuts
     D:7: 1239 daAuts
     D:2: 1128 daAuts
     D:1: 996 daAuts
  Lair:3: 725 daAuts
     D:9: 194 daAuts
  Temple: 106 daAuts
